 Dungeon Crawl Stone Soup version 0.17-a0-1447-g3d113ad (webtiles) character file.

31 urechis the Scratcher (level 3, 17/17 HPs)
             Began as a Felid Monk on June 29, 2015.
             Quit the game on level 2 of the Dungeon.
             The game lasted 00:05:32 (1555 turns).

urechis the Scratcher (Felid Monk)                  Turns: 1555, Time: 00:05:32

Health: 17/17      AC:  1    Str:  7    XL:     3   Next: 7%
Magic:  4/4        EV: 20    Int: 11    God:
Gold:   83         SH:  0    Dex: 19    Spells: 0 memorised, 2 levels left
                                        Lives:  0   Deaths: 1

rFire  . . .     SeeInvis +       - Unarmed
rCold  . . .     Clarity  .     (armour unavailable)
rNeg   . . .     SustAt   .     (shield unavailable)
rPois  .         Gourm    .     (helmet unavailable)
rElec  .         Spirit   .     (cloak unavailable)
rCorr  .         Warding  .     (gloves unavailable)
rMut   .         Stasis   .     (boots unavailable)
MR     .....                    (no amulet)
Stlth  +++.......               (no ring)
                                (no ring)

@: quick, not resistant to hostile enchantments, fairly stealthy
A: no armour, no weapons or thrown items, claws 1, fangs 3, see invisible,
carnivore 3, speed 1, shaggy fur 1, slow metabolism 1, sharp paws
a: no special abilities


You were on level 2 of the Dungeon.
You were not hungry.

You visited 1 branch of the dungeon, and saw 3 of its levels.

You collected 83 gold pieces.

Inventory:

Jewellery
 k - a cursed +5 ring of strength {unknown}
Scrolls
 c - a scroll of fog {unknown}
 g - a scroll of random uselessness {unknown}
 h - a scroll of amnesia {unknown}
 j - 2 scrolls of teleportation {unknown}
Potions
 b - 2 potions of might {unknown}
 d - a potion of lignification {unknown}
 e - a potion of haste {unknown}
 f - a potion of heal wounds {unknown}
 i - a potion of ambrosia {unknown}
 l - a potion of curing
 n - a potion of cancellation {unknown}
 o - a potion of flight {unknown}
 p - a potion of brilliance {unknown}
Comestibles
 a - a meat ration
 m - a beef jerky


   Skills:
 - Level 3.0 Fighting
 - Level 4.0 Dodging
 - Level 2.6 Stealth
 + Level 5.6 Unarmed Combat


You had 2 spell levels left.
You didn't know any spells.

Dungeon Overview and Level Annotations

Branches:
Dungeon (3/15)

Altars:
Fedhas
Gozag
Kikubaaqudgha

Annotations:
D:3 Sigmund


Innate Abilities, Weirdness & Mutations

You cannot wear armour.
You are incapable of wielding weapons or throwing items.
You have sharp claws.
You have razor-sharp teeth.
You have supernaturally acute eyesight.
You are carnivorous and can eat meat at any time.
You cover ground quickly.
You are covered in fur (AC +1).
You have a slow metabolism.
Your sharp claws are effective at attacking unaware monsters.


Message History

You claw the adder!
The adder begins to bleed from its wounds!
The adder is severely wounded.
The adder bites you.
You die...
You are now level 3!
You rejoin the land of the living...
A kobold comes into view. It is wielding a dagger of draining.
There is an escape hatch in the floor here.
The kobold closely misses you.
You claw the kobold!
You kill the kobold!
You see here a dagger of draining.
You see here a dagger of draining.
There is an escape hatch in the floor here.
There is an escape hatch in the floor here.
Unknown command.
Welcome back, urechis the Felid Monk.
Press ? for a list of commands and other information.
Are you sure you want to abandon this character and quit the game? (Confirm with "yes".)

##### ############ #...#
#########..........# ....#
#......##.####.###.# #...#
#.####.##.###...##.# ##.## #.#
#.##.##.....#.# #.#
#.####.##.###...##.. #.#
#..@....).# ##)##### ##.##
#.)###.#### #.# #.#.#### #......#
#.# .###...# ##.##### ##'##
#.#.##.# ###.# ##.[.## ##.###.#
###...##### ##.....###
##.##.####.........####†#)#.#.#.
##..................##......>....
......................+#.#.#.#.#.


There were no monsters in sight!

Vanquished Creatures
  An adder (D:2)
  An ooze (D:1)
  3 giant geckos
  8 goblins
  8 hobgoblins
  3 jackals (D:2)
  5 kobolds
  3 ball pythons
  4 bats
  4 giant cockroaches
  4 giant newts
  10 rats
54 creatures vanquished.

Notes
Turn   | Place    | Note
--------------------------------------------------------------
     0 | D:1      | urechis the Felid Monk began the quest for the Orb.
     0 | D:1      | Reached XP level 1. HP: 10/10 MP: 2/2
    37 | D:1      | Reached XP level 2. HP: 8/14 MP: 3/3
   648 | D:1      | Reached XP level 3. HP: 17/17 MP: 4/4
   691 | D:2      | Reached skill level 5 in Unarmed Combat
   729 | D:2      | Found an ancient bone altar of Kikubaaqudgha.
   740 | D:2      | Found an opulent altar of Gozag.
  1361 | D:2      | Found a blossoming altar of Fedhas.
  1403 | D:2      | Reached XP level 4. HP: 12/21 MP: 5/5
  1517 | D:3      | Noticed Sigmund
  1524 | D:3      | HP: 1/21 [Sigmund/scythe (11)]
  1533 | D:2      | Slain by an adder
  1534 | D:2      | Reached XP level 3. HP: -2/17 MP: 4/4
  1555 | D:2      | Quit the game

Vault maps used:
D:1:      dpeg_arrival_oval, grunt_decor_clamped
D:2:      lemuel_round_altar, minitemple, st_stairs_11
D:3:      lemuel_coloured_pillars_altar, lemuel_blue_sif_altar, uniq_sigmund

Action                   |  1- 3 |  4- 6 || total
-------------------------+-------+-------++-------
Melee: Unarmed           |    99 |    12 ||   111
 Stab: Sleeping          |    16 |     1 ||    17
